 Dungeon Crawl Stone Soup version 0.26-a0-540-g8a0c9464d7 (webtiles) character file.

Game seed: 13156731154109412685

4828 Ewyn99 the Protected (level 10, -5/90 HPs)
             Began as a Minotaur Berserker on Aug 18, 2020.
             Was a High Priest of Trog.
             Killed by divine providence
             ... invoked by an orc priest
              (10 damage)
             ... on level 9 of the Dungeon.
             The game lasted 01:24:05 (13318 turns).

Ewyn99 the Protected (Minotaur Berserker)          Turns: 13318, Time: 01:24:06

Health: -5/90      AC: 18    Str: 24    XL:     10   Next: 25%
Magic:  18/18      EV:  9    Int:  4    God:    Trog [*****.]
Gold:   581        SH:  0    Dex: 11    Spells: 9/9 levels left

rFire    . . .     SeeInvis .   a - +1 spear
rCold    . . .     Faith    .   (no shield)
rNeg     . . .     Spirit   .   V - +0 plate armour
rPois    .         Reflect  .   (helmet restricted)
rElec    .         Harm     .   (no cloak)
rCorr    .                      N - +2 pair of gloves
MR       .....                  (no boots)
Stlth    ..........             (no amulet)
HPRegen  0.25/turn              e - ring of magical power
MPRegen  0.16/turn              (no ring)

@: about to teleport
A: retaliatory headbutt, horns 2
a: Berserk, Trog's Hand, Brothers in Arms, Renounce Religion


You were on level 9 of the Dungeon.
You worshipped Trog.
Trog was extremely pleased with you.
You visited 2 branches of the dungeon, and saw 10 of its levels.

You collected 581 gold pieces.

Inventory:

Hand Weapons
 a - a +1 spear (weapon)
 f - a +0 short sword
 t - a +0 falchion of holy wrath
 B - a +1 short sword of distortion
 L - a +0 shortbow
 S - a +0 quarterstaff
Missiles
 d - 125 stones
 i - 62 bolts
 A - 3 javelins (quivered)
 M - 48 arrows
 O - 3 throwing nets
Armour
 b - a +0 animal skin
 g - a +0 leather armour
 m - a +1 scale mail
 p - a +0 helmet
 q - a +0 ring mail
 r - a +0 scale mail
 s - a cursed +0 leather armour
 C - a +0 helmet
 E - a +0 ring mail
 N - a +2 pair of gloves (worn)
 T - a +0 robe
 V - a +0 plate armour (worn)
 W - a +0 chain mail
Jewellery
 e - a ring of magical power (left hand)
 v - an uncursed ring of magical power
 w - a +6 ring of intelligence
 G - an uncursed ring of poison resistance {unknown}
 P - an uncursed ring of magical power
Wands
 z - a wand of random effects (16)
 X - a wand of enslavement (6)
Scrolls
 j - 7 scrolls of identify
 l - a scroll of magic mapping
 n - 3 scrolls of remove curse
 x - a scroll of teleportation
 y - a scroll of amnesia
 F - a scroll of random uselessness
 H - a scroll of enchant weapon
 J - 2 scrolls of blinking
 Q - a scroll of fear
 R - a scroll of enchant armour
Potions
 c - a potion of heal wounds {unknown}
 h - 3 potions of might
 k - 9 potions of curing
 o - 2 potions of degeneration {unknown}
 u - a potion of magic {unknown}
 D - a potion of lignification {unknown}
 I - a potion of invisibility
 K - a potion of stabbing {unknown}
 U - a potion of cancellation {unknown}
 Y - a potion of mutation {unknown}
 Z - a potion of brilliance {unknown}


   Skills:
 + Level 8.5 Fighting
 + Level 9.9 Polearms
 + Level 4.2 Throwing
 + Level 10.4 Armour
 + Level 5.4 Dodging
 + Level 3.1 Stealth


You had 9 spell levels left.
You didn't know any spells.
Your spell library contained the following spells:

 Spells                   Type           Power        Failure   Level
 Freeze                   Ice            #...         99%         1
 Frozen Ramparts          Ice            #.....       100%        3
 Ozocubu's Armour         Ice            #.......     100%        3
 Hailstorm                Conj/Ice       #.......     100%        4
 Summon Ice Beast         Ice/Summ       #.......     100%        4


Dungeon Overview and Level Annotations

Branches:
Dungeon (9/15)             Temple (1/1) D:4
   Lair: D:8-11         Orc: D:9-12

Altars:
Cheibriados
Makhleb
Nemelex Xobeh
Qazlal
Ru
Vehumet
Xom
Zin
The Shining One

Shops:
D:6 =


Innate Abilities, Weirdness & Mutations

You reflexively headbutt those who attack you in melee.
You have a pair of horns on your head.


Message History

The wight hits you with a cursed +5 dagger of freezing.
* * * LOW HITPOINT WARNING * * *
The wight freezes you.
* * * LOW HITPOINT WARNING * * *
Throwing (i - inventory. (/) - cycle)
A - 4 javelins (quivered)
Press: ? - help, Shift-Dir - straight line, f - orc, p - wight
Aim: an orc, wielding a +0 club and wearing a +0 leather armour You throw a javelin.
The javelin pierces through the wight but does no damage.
The javelin barely misses the wight.
The javelin barely misses the orc.
The wight completely misses you.
The orc priest calls down the wrath of Beogh upon you.
Beogh smites you!
* * * LOW HITPOINT WARNING * * *
The wight hits you but does no damage.
As you read the scroll of teleportation, it crumbles to dust.
You feel strangely unstable.
The orc priest calls down the wrath of Beogh upon you.
Beogh smites you!
You die...

....# ....# ....# ....#
...# ###...## #......#
#<@....#
+.....#...#.zz...#....#
.....#...#..o...#....#
....#...#..oz..#....#
...#.. #.)....#....# #.##.#
##)...##...########
##.##.####(...##.........#.
#.........(..............(.
#(.(.(z...(((.(..(.(((..(..


You could see 3 wights, an orc priest and an orc.

Vanquished Creatures
  A two-headed ogre (D:8)
  Pikel (D:4)
  A hippogriff (D:7)
  Eustachio (D:4)
  3 water moccasins (D:8)
  Duvessa (D:4)
  A sky beast (D:5)
  3 orc warriors
  A black bear (D:8)
  2 ice beasts
  4 centaurs
  A crocodile (D:7)
  2 bullfrogs
  2 gnoll sergeants
  Dowan (D:4)
  5 killer bees (D:7)
  A wight (D:9)
  A crimson imp (D:2)
  A bullfrog skeleton (D:8)
  3 hounds (D:6)
  3 jellies
  7 orc priests
  A centaur skeleton (D:6)
  11 orc wizards
  2 iguanas
  5 worker ants
  Natasha (thrice) (D:3)
  A hound zombie (D:8)
  A howler monkey zombie (D:5)
  9 gnolls
  8 adders
  A river rat (D:5)
  A shadow imp (D:6)
  2 white imps
  2 adder skeletons
  4 worms
  3 dart slugs (D:2)
  9 leopard geckos
  44 orcs
  3 giant cockroaches
  9 goblins
  7 hobgoblins
  8 jackals
  6 quokkas
  9 bats
  2 frilled lizards (D:2)
  A giant cockroach zombie (D:6)
  A jackal zombie (D:6)
  11 kobolds
  A quokka skeleton (D:7)
  5 rats
216 creatures vanquished.

Notes
Turn   | Place    | Note
-------+----------+-------------------------------------------
     0 | D:1      | Ewyn99 the Minotaur Berserker began the quest for the Orb.
     0 | D:1      | Reached XP level 1. HP: 19/19 MP: 0/0
   459 | D:1      | Reached XP level 2. HP: 23/27 MP: 1/1
  1020 | D:2      | Found a radiant altar of Vehumet.
  1359 | D:2      | Reached XP level 3. HP: 33/33 MP: 2/2
  1435 | D:2      | Reached ** piety under Trog
  1556 | D:2      | Found a burning altar of Makhleb.
  1561 | D:2      | Reached skill level 3 in Armour
  1561 | D:2      | Reached XP level 4. HP: 41/41 MP: 3/3
  1647 | D:2      | Noticed an ice beast
  1667 | D:2      | Killed an ice beast
  1667 | D:2      | Reached skill level 5 in Polearms
  1667 | D:2      | Reached XP level 5. HP: 47/47 MP: 4/4
  1958 | D:2      | Reached skill level 5 in Fighting
  2249 | D:3      | Noticed Natasha
  2256 | D:3      | Killed Natasha
  2256 | D:3      | Reached skill level 4 in Armour
  2256 | D:3      | Reached XP level 6. HP: 30/56 MP: 5/5
  2895 | D:3      | Noticed Natasha
  2923 | D:3      | Killed Natasha
  3083 | D:3      | Noticed Natasha
  3090 | D:3      | Killed Natasha
  3180 | D:3      | Reached *** piety under Trog
  3956 | D:4      | Noticed Pikel
  3966 | D:4      | Killed Pikel
  3966 | D:4      | Reached skill level 1 in Throwing
  3966 | D:4      | Reached skill level 5 in Armour
  3966 | D:4      | Reached XP level 7. HP: 58/62 MP: 6/6
  4285 | D:4      | Noticed Eustachio
  4360 | D:4      | HP: 3/62 [shadow imp[Eustachio] (5)]
  4362 | D:4      | Killed Eustachio
  4362 | D:4      | Reached skill level 1 in Stealth
  4963 | D:4      | Found a staircase to the Ecumenical Temple.
  4979 | D:4      | Noticed Dowan
  4979 | D:4      | Noticed Duvessa
  5009 | D:4      | Killed Duvessa
  5009 | D:4      | Reached skill level 6 in Armour
  5009 | D:4      | Reached XP level 8. HP: 56/70 MP: 7/7
  5031 | D:4      | Killed Dowan
  5111 | D:4      | Found a glowing golden altar of the Shining One.
  5188 | Temple   | Entered the Ecumenical Temple
  5690 | D:5      | Entered Level 5 of the Dungeon
  6129 | D:5      | Reached skill level 7 in Armour
  6589 | D:5      | Reached **** piety under Trog
  7800 | D:6      | Reached skill level 8 in Armour
  7871 | D:6      | Found Qeogegg's Jewellery Boutique.
  7911 | D:6      | Reached XP level 9. HP: 78/78 MP: 8/8
 10047 | D:7      | Found a sacrificial altar of Ru.
 10048 | D:7      | Found a stormy altar of Qazlal.
 10087 | D:7      | Reached ***** piety under Trog
 10216 | D:7      | Reached skill level 9 in Armour
 10216 | D:7      | Reached skill level 5 in Dodging
 10448 | D:7      | Found a glowing silver altar of Zin.
 10630 | D:7      | Found a snail-covered altar of Cheibriados.
 10640 | D:7      | Found a shimmering altar of Xom.
 10749 | D:8      | Found a glowing silver altar of Zin.
 12028 | D:8      | Noticed a two-headed ogre
 12044 | D:8      | Killed a two-headed ogre
 12044 | D:8      | Reached skill level 10 in Armour
 12044 | D:8      | Reached XP level 10. HP: 36/90 MP: 9/9
 13318 | D:9      | Killed from afar by an orc priest

Illustrated notes

Levels and vault maps discovered:
D:1:      scummos_arrival_star, layout_loops_ring, minmay_misc_feat_columns
D:2:      layout_basic, vehumet_crystals, makhleb_grotto_becter, serial_glass,
          glass_columns_b, glass_columns_c, minmay_pentomino_r2
D:3:      layout_loops_ring, chequers_serial_rivers_micro_e, uniq_natasha
D:4:      layout_gridville, tso_metal_star, yredelemnul_altar_generic,
          minmay_temple_entry_mist, eino_small_chamber_without_monster,
          uniq_duvessa, uniq_pikel, uniq_eustachio
D:5:      layout_loops_ring, gup_sewer_entry_bowl,
          hangedman_abyss_or_decor_jellyfish_corner
D:6:      layout_layer_cave, minmay_shop_enchanted_jewellery,
          minmay_manual_mandibuliform
D:7:      layout_basic, kennysheep_mini, grunt_temple_overflow_cloverleaf
D:8:      layout_basic, basic_altar, minmay_orc_keep
D:9:      layout_gridville, serial_shops, shop
Temple:   dshaligram_water_room_temple

Skill      XL: |  1  2  3  4  5  6  7  8  9 |
---------------+----------------------------+-----
Fighting       | 4 5 6 8 |  8.5
Polearms       | 4 5 7 8 9 |  9.9
Armour         | 3 4 5 6 8 10 | 10.4
Dodging        | 3 4 5 |  5.4
Throwing       | 1 2 3 4 |  4.2
Stealth        | 1 3 |  3.1

Action                   |  1- 3 |  4- 6 |  7- 9 | 10-12 || total
-------------------------+-------+-------+-------+-------++-------
Melee: Spear             |    66 |   109 |   417 |    75 ||   667
       Headbutt          |    14 |    24 |    95 |    22 ||   155
Throw: Javelin           |       |    16 |    34 |     5 ||    55
       Stone             |       |     2 |     5 |       ||     7
  Use: Scroll            |     3 |     7 |     5 |     4 ||    19
       Potion            |     1 |       |       |       ||     1
Armor: Leather armour    |     9 |       |       |       ||     9
       Scale mail        |    20 |    35 |   146 |       ||   201
       Plate armour      |       |       |    82 |    64 ||   146
Dodge: Dodged            |    49 |    60 |   272 |    36 ||   417

Table legend: (Time is in decaauts)
 A = Elapsed time spent in this place.
 B = Non-inter-level travel time spent in this place.
 C = Inter-level travel time spent in this place.
 D = Time resting spent in this place.
 E = Time spent auto-exploring this place.
 F = Levels seen in this place.
 G = Mean time per level.
                   A        B        C        D        E       F      G
               +--------+--------+--------+--------+--------+-----+--------+
         Total |  13160 |  13032 |    128 |   4137 |    319 |  10 | 1316.0 |
       Dungeon |  13137 |  13009 |    128 |   4137 |    319 |   9 | 1459.7 |
        Temple |     23 |     23 |      0 |      0 |      0 |   1 |   23.0 |
               +--------+--------+--------+--------+--------+-----+--------+

Top non-repeatable levels by time:
     D:8: 2527 daAuts
     D:3: 1784 daAuts
     D:4: 1704 daAuts
     D:7: 1704 daAuts
     D:5: 1618 daAuts
     D:6: 1577 daAuts
     D:2: 1144 daAuts
     D:1: 1007 daAuts
     D:9: 69 daAuts
  Temple: 23 daAuts
